 Dungeon Crawl Stone Soup version 0.23-a0-644-gb60d84b635 (webtiles) character file.

2284 HereIgoKillingAgain the Carver (level 9, -3/61 HPs)
             Began as a Demonspawn Gladiator on Jan 1, 2019.
             Was a Follower of Uskayaw.
             Slain by Pikel
             ... wielding a +2 whip of electrocution
              (17 damage)
             ... on level 6 of the Dungeon.
             The game lasted 00:08:38 (7336 turns).

HereIgoKillingAgain the Carver (DsGl)               Turns: 7336, Time: 00:08:38

Health: -3/61      AC:  4    Str: 14    XL:     9   Next: 17%
Magic:  12/12      EV: 15    Int: 13    God:    Uskayaw [*.....]
Gold:   386        SH:  5    Dex: 17    Spells: 8/8 levels left

rFire    + . .     SeeInvis .   a - +0 long sword
rCold    . . .     Gourm    +   q - +0 buckler
rNeg     . . .     Faith    .   b - +0 leather armour
rPois    .         Spirit   .   (helmet unavailable)
rElec    .         Reflect  .   d - +0 cloak (curse)
rCorr    .         Harm     .   (no gloves)
MR       .....                  (no boots)
Stlth    ++........             e - amulet of the gourmand
HPRegen  0.20/turn              (no ring)
MPRegen  0.13/turn              (no ring)

@: no status effects
A: horns 3, thin skeletal structure 1, fire resistance 1, flame cloud immunity
a: Stomp, Renounce Religion


You were on level 6 of the Dungeon.
You worshipped Uskayaw.
Uskayaw was noncommittal.
You were very full.

You visited 2 branches of the dungeon, and saw 7 of its levels.
You also visited: Sewer.

You collected 386 gold pieces.

Inventory:

Hand Weapons
 a - a +0 long sword (weapon)
Armour
 b - a +0 leather armour (worn)
 c - the cursed +0 helmet "Rugopp" {Str+2}
   (You found it on level 6 of the Dungeon)

   It affects your strength (+2).
   It has a curse placed upon it.
 d - a cursed +0 cloak (worn)
 q - a +0 buckler (worn)
Jewellery
 e - an amulet of the gourmand (around neck)
Wands
 h - a wand of polymorph (10)
 j - a wand of digging (4)
 p - a wand of flame (18)
Scrolls
 g - 7 scrolls of remove curse
 i - a scroll of blinking {unknown}
 k - 2 scrolls of amnesia
 l - 3 scrolls of enchant armour
 n - a scroll of fog
 o - 2 scrolls of fear
 r - a scroll of noise {unknown}
 s - a scroll of identify
Potions
 m - a potion of might
Comestibles
 f - 15 rations


   Skills:
 - Level 2.0 Fighting
 * Level 8.7 Long Blades
 - Level 1.7 Throwing
 + Level 5.7 Dodging
 - Level 4.0 Shields
 - Level 5.0 Invocations


You had 8 spell levels left.
You didn't know any spells.
Your spell library was empty.

Dungeon Overview and Level Annotations

Branches:
Dungeon (6/15)             Temple (1/1) D:5

Altars:
Dithmenos
Elyvilon
Fedhas
Gozag
Kikubaaqudgha
Nemelex Xobeh
Okawaru
Ru
Sif Muna
Trog
Uskayaw
Vehumet
Wu Jian
Xom
Yredelemnul
Zin

Annotations:
D:6 Pikel


Innate Abilities, Weirdness & Mutations

You have a pair of large horns on your head.
You have a somewhat thin skeletal structure. (Dex +2, Stealth)
Your flesh is heat resistant. (rF+)
You are immune to clouds of flame.


Message History

You closely miss the slave. Your headbutt misses the slave.
The slave is almost dead.
The slave barely misses you.
You riposte.
You closely miss the slave.
You headbutt the slave, but do no damage.
The slave is almost dead.
You hit the slave but do no damage.
The slave is almost dead.
The slave hits you.
You barely miss the slave. You headbutt the slave.
You kill the slave!
That felt strangely unrewarding.
You closely miss Pikel. Pikel hits you but does no damage.
You are electrocuted!
* * * LOW HITPOINT WARNING * * *
You hit Pikel. Your headbutt misses Pikel.
Pikel is lightly wounded.
Pikel hits you with a +2 whip of electrocution.
* * * LOW HITPOINT WARNING * * *
You are electrocuted!
You die...

#..........## #....)
##..........## ##...#
##........#.># #.#.#
#..........#.# #...#
#..........#.# #### ##..#
#..........#.#######..######..
#..........#..................
#...........##...###...#######
##........#.K@.......#.# #.
##......######..#####.## #.
######## #.....##..#####.
#.............#.
####)###.####...
********#..##....###. ***
*,,,,,,*##.#####.# #. *>*
*,,,,..###..####.###.
*,***,,,.................


You could see Pikel.

Vanquished Creatures
  A hippogriff (D:6)
  Sigmund (D:5)
  Menkaure (D:6)
  4 slaves (D:6)
  2 ice beasts (D:5)
  An orc warrior (D:6)
  3 ogres
  A centaur (D:6)
  3 bullfrogs
  2 scorpions
  A howler monkey (D:6)
  3 crimson imps (D:5)
  A jelly (D:6)
  2 hounds
  A bullfrog skeleton (D:4)
  An iguana (D:6)
  Ijyb (D:3)
  5 worker ants
  An orc wizard (D:6)
  A killer bee zombie (D:5)
  8 gnolls
  18 adders
  3 shadow imps
  2 oozes
  2 adder skeletons (D:4)
  2 worms
  A dart slug (D:1)
  13 leopard geckos
  11 orcs
  13 giant cockroaches
  10 goblins
  7 hobgoblins
  11 jackals (D:4)
  3 quokkas
  2 ball pythons
  6 bats
  10 frilled lizards
  A jackal skeleton (D:5)
  4 kobolds
  A leopard gecko skeleton (D:4)
  9 rats
173 creatures vanquished.

Notes
Turn   | Place    | Note
-------+----------+-------------------------------------------
     0 | D:1      | HereIgoKillingAgain the Demonspawn Gladiator began the
                  | quest for the Orb.
     0 | D:1      | Reached XP level 1. HP: 16/16 MP: 1/1
    48 | D:1      | Reached skill level 3 in Long Blades
   364 | D:1      | Gained mutation: You have a pair of small horns on your
                  | head. [demonic ancestry]
   364 | D:1      | Reached XP level 2. HP: 19/22 MP: 2/2
  1108 | D:2      | Gained mutation: You have a somewhat thin skeletal
                  | structure. (Dex +2, Stealth) [demonic ancestry]
  1108 | D:2      | Reached XP level 3. HP: 27/27 MP: 3/3
  1111 | D:2      | Reached skill level 4 in Long Blades
  1135 | D:2      | Found an opulent altar of Gozag.
  1205 | D:2      | Gained mutation: Your flesh is heat resistant. (rF+)
                  | [demonic ancestry]
  1205 | D:2      | Reached XP level 4. HP: 20/33 MP: 4/4
  1518 | D:2      | Reached skill level 5 in Long Blades
  1752 | D:2      | Gained mutation: You have a pair of horns on your head.
                  | [demonic ancestry]
  1752 | D:2      | Reached XP level 5. HP: 31/38 MP: 5/5
  2255 | D:3      | Noticed Ijyb
  2297 | D:3      | Killed Ijyb
  2864 | D:3      | Found a shimmering altar of Xom.
  2872 | D:3      | Found a shimmering altar of Xom.
  2949 | D:3      | Found a shimmering altar of Xom.
  2961 | D:3      | Found a shimmering altar of Xom.
  3190 | D:4      | Reached XP level 6. HP: 44/44 MP: 6/6
  3219 | D:4      | Reached skill level 6 in Long Blades
  3654 | D:4      | Found a glowing silver altar of Zin.
  3716 | D:4      | Reached skill level 1 in Shields
  3988 | D:4      | Gained mutation: You are immune to clouds of flame.
                  | [demonic ancestry]
  3988 | D:4      | Reached XP level 7. HP: 39/50 MP: 7/7
  4238 | D:5      | Entered Level 5 of the Dungeon
  4315 | D:5      | Reached skill level 7 in Long Blades
  4566 | D:5      | Found a staircase to the Ecumenical Temple.
  4581 | Temple   | Entered the Ecumenical Temple
  4648 | Temple   | Became a worshipper of Uskayaw the Reveler
  4701 | D:5      | Reached * piety under Uskayaw
  4707 | D:5      | Noticed Sigmund
  4710 | D:5      | Reached ** piety under Uskayaw
  4719 | D:5      | Reached skill level 1 in Invocations
  4722 | D:5      | Reached *** piety under Uskayaw
  4743 | D:5      | Killed Sigmund
  4743 | D:5      | Gained mutation: You have a pair of large horns on your
                  | head. [demonic ancestry]
  4743 | D:5      | Reached XP level 8. HP: 22/56 MP: 3/9
  5053 | D:5      | Found an ornate altar of the Wu Jian Council.
  5304 | D:5      | Found a white marble altar of Elyvilon.
  5569 | D:5      | Found an ancient bone altar of Kikubaaqudgha.
  5647 | D:6      | Noticed Pikel
  5722 | D:6      | Noticed a hippogriff
  5732 | D:6      | Got a spiked helmet
  5754 | D:6      | Killed a hippogriff
  5754 | D:6      | Reached skill level 5 in Dodging
  5754 | D:6      | Reached **** piety under Uskayaw
  5774 | D:6      | Found a glowing drain.
  5790 | Sewer    | Entered a sewer
  5791 | Sewer    | Identified the cursed +0 helmet "Rugopp" {Str+2} (You found
                  | it on level 6 of the Dungeon)
  6164 | Sewer    | Reached skill level 8 in Long Blades
  6164 | Sewer    | Reached skill level 5 in Invocations
  6778 | D:6      | Reached XP level 9. HP: 36/61 MP: 12/12
  6922 | D:6      | Noticed Menkaure
  6930 | D:6      | Killed Menkaure
  7336 | D:6      | Slain by Pikel

Vault maps used:
D:1:      dpeg_arrival_three_smaller_balls, minmay_octomino_j4
D:2:      nicolae_gozag_seed_capital, serial_forest, infiniplex_forest_lined_3,
          infiniplex_forest_clump_cross, infiniplex_forest_clump_double,
          infiniplex_forest_end_3, infiniplex_forest_straight_4,
          infiniplex_forest_side_room, kennysheep_small_spiral, corexii_shack,
          kennysheep_potato
D:3:      xom_redecorated, uniq_ijyb
D:4:      lemuel_crystal_altar
D:5:      kiku_gazebo_pond_becter, old_standard_altar, elyvilon_altar_4,
          minmay_temple_entry_trees, first_ration, uniq_sigmund
D:6:      cheibrodos_sewer_entry_bend, corexii_corridor_pit, minmay_pentangle,
          uniq_pikel, uniq_menkaure
Temple:   dshaligram_water_room_temple
Sewer:    sewer_frog_island_01

Skill      XL: |  1  2  3  4  5  6  7  8  9 |
---------------+----------------------------+-----
Long Blades    | 3 4 5 6 7 8 |  8.7
Dodging        | 3 4 5 |  5.7
Shields        | 1 2 3 4 |  4.0
Invocations    | 2 5 |  5.0
Fighting       | |  2.0
Throwing       | |  1.7

Action                   |  1- 3 |  4- 6 |  7- 9 || total
-------------------------+-------+-------+-------++-------
Melee: Long sword        |    63 |   208 |   283 ||   554
       Headbutt          |     7 |    59 |    75 ||   141
Throw: Throwing net      |       |     5 |       ||     5
Invok: Line Pass         |       |       |     1 ||     1
  Use: Scroll            |       |     6 |     6 ||    12
       Potion            |       |     5 |     5 ||    10
 Stab: Sleeping          |     1 |     8 |     5 ||    14
       Held in net/web   |       |     1 |       ||     1
       Paralysed         |       |       |     4 ||     4
  Eat: Chunk             |     8 |    11 |    12 ||    31
Armor: Leather armour    |    14 |    44 |    33 ||    91
Dodge: Dodged            |    50 |   151 |   170 ||   371
Block: Buckler           |       |       |    71 ||    71
       Rpst.: Long sword |    22 |    45 |    48 ||   115

Table legend:
 A = Non-vault XP
 B = Vault XP
 C = Vault XP percentage of total XP
 D = Non-vault monster count
 E = Vault monster count
 F = Vault count percentage of total count
                 A         B        C        D         E       F
            +---------+---------+-------+---------+---------+-------
      Total |    2181 |    1083 |  33.2 |     137 |      32 |  18.9
            +---------+---------+-------+---------+---------+-------
        D:1 |      32 |       8 |  20.0 |      17 |       2 |  10.5
        D:2 |     154 |      17 |   9.9 |      31 |       3 |   8.8
        D:3 |     112 |      36 |  24.3 |      23 |       1 |   4.2
        D:4 |     527 |       0 |   0.0 |      36 |       0 |   0.0
        D:5 |     668 |     227 |  25.4 |      14 |       1 |   6.7
        D:6 |     688 |     550 |  44.4 |      16 |       5 |  23.8
      Sewer |       0 |     245 | 100.0 |       0 |      20 | 100.0
            +---------+---------+-------+---------+---------+-------
